Map: New Repugnancy LE

Players

IIIIIIIIIIII (HateMe)

  • Race: Zerg Zerg
  • League: Master
  • Spawn Location: 1:00

Lambo - Winner!

  • Race: Zerg Zerg
  • League: Grandmaster
  • Spawn Location: 7:00

VOD

Have the link to the VOD?

Description

Time

  • Played on: Feb. 4, 2019, 3:02 p.m.
  • Length: 9:51
Show
View Real Time Build Order
Export as new Build Order

IIIIIIIIIIII Zerg 

Build Orders: Hatch First 

Get SALT Encoding   

  12  0:00  Drone  
  13  0:12  Overlord  
  13  0:17  Drone  
  14  0:30  Drone x2  
  16  0:49  Hatchery  
  15  0:52  Drone  
  15  0:55  Drone  
  17  0:59  Drone  
  18  1:10  Extractor  
  17  1:14  Spawning Pool  
  17  1:17  Drone  
  17  1:20  Drone  
  18  1:28  Drone  
  19  1:39  Drone  
  20  1:49  Drone  
  21  1:59  Overlord  
  21  2:02  Drone, Queen x2  
  26  2:11  Drone  
  26  2:14  Metabolic Boost  
  27  2:21  Drone  
  27  2:22  Drone  
  29  2:24  Drone  
  30  2:33  Zergling x2  
  30  2:35  Zergling x2  
  32  2:43  Zergling x2  
  33  2:44  Hatchery  
  33  2:50  Baneling Nest  
  31  2:53  Drone  
  31  2:55  Overlord  
  33  2:58  Drone  
  33  3:05  Drone x2  
  33  3:10  Drone x2  
  35  3:15  Overlord  
  35  3:18  Drone  
  35  3:19  Drone x3  
  39  3:22  Zergling x2  
  40  3:27  Queen  
  40  3:28  Zergling x2  
  43  3:37  Drone  
  43  3:38  Evolution Chamber  
  43  3:41  Baneling x2  
  43  3:45  Drone x5  
  43  3:47  Baneling x2  
  48  3:48  Zergling x2  
  48  3:53  Zergling x4  
  51  3:57  Zergling x6  
  52  4:10  Roach Warren  
  52  4:12  Baneling  
  50  4:20  Zerg Missile Weapons Level 1, Drone x2  
  50  4:21  Drone x3  
  55  4:24  Extractor  
  55  4:25  Extractor  
  55  4:26  Drone  
  55  4:28  Drone  
  49  4:39  Drone  
  49  4:40  Drone x2  
  49  4:45  Drone  
  53  4:50  Lair  
  53  4:52  Drone x3  
  56  4:55  Overlord  
  56  4:56  Overlord  
  56  4:57  Overlord  
  56  4:58  Drone x2  
  57  5:09  Drone  
  57  5:11  Overlord  
  58  5:15  Drone x6  
  58  5:17  Drone  
  65  5:22  Drone x3  
  65  5:26  Overlord  
  65  5:27  Drone x4  
  72  5:31  Drone  
  73  5:38  Drone  
  73  5:39  Drone x4  
  73  5:42  Drone  
  79  5:45  Extractor  
  79  5:46  Evolution Chamber  
  79  5:47  Extractor  
  79  5:48  Extractor, Drone  
  79  5:49  Glial Reconstitution  
  75  5:50  Overseer  
  75  5:51  Overlord  
  75  5:53  Drone  
  76  5:57  Drone x6  
  82  6:07  Roach x2  
  82  6:09  Pneumatized Carapace  
  90  6:11  Roach x2  
  90  6:12  Hatchery  
  90  6:14  Zerg Ground Armor Level 1  
  89  6:20  Roach x2  
  93  6:28  Overlord x2  
  93  6:29  Roach x2  
  97  6:36  Roach x4  
  104  6:43  Overlord x3  
  104  6:48  Roach x4  
  112  6:57  Roach x4  
  117  7:04  Roach  
  117  7:05  Roach x5  
  133  7:08  Roach x2  
  133  7:10  Ravager x3  
  133  7:12  Overlord, Ravager  
  137  7:17  Roach x2  
  137  7:22  Roach x2  
  144  7:26  Roach x3  
  144  7:29  Overlord x2  
  150  7:35  Roach x3  
  146  7:43  Roach  
  146  7:44  Roach x5  
  143  7:51  Roach Warren, Roach x4  
  150  7:56  Ravager x2  
  150  7:57  Ravager x3  
  150  7:58  Roach x3  
  157  8:00  Roach  
  157  8:03  Roach x2  
  146  8:34  Roach x18  
  147  8:43  Roach  
  147  8:44  Queen  
  128  8:51  Roach x3  
  116  8:57  Roach x4  
  112  9:04  Roach  
  112  9:05  Roach x2  
  105  9:11  Roach x3  
  92  9:21  Roach x3  
  88  9:26  Roach  
  88  9:29  Roach  
  80  9:32  Roach  
Show
View Real Time Build Order
Export as new Build Order

Lambo Zerg - Winner!

Build Orders: Hatch First, Zergling Baneling 

Get SALT Encoding   

  12  0:00  Drone  
  13  0:13  Overlord  
  13  0:16  Drone  
  14  0:31  Drone x2  
  16  0:50  Hatchery  
  16  0:51  Drone  
  16  0:55  Drone  
  17  0:57  Drone  
  18  1:08  Extractor  
  17  1:13  Spawning Pool  
  17  1:16  Drone  
  17  1:19  Drone  
  18  1:28  Drone  
  19  1:39  Drone  
  20  1:50  Overlord  
  20  2:01  Queen x2  
  22  2:02  Zergling x4  
  26  2:10  Metabolic Boost  
  26  2:11  Drone  
  26  2:13  Drone  
  28  2:22  Drone  
  29  2:28  Drone  
  30  2:36  Hatchery  
  29  2:39  Drone  
  30  2:47  Drone, Baneling Nest  
  30  2:50  Drone  
  31  2:55  Drone  
  31  2:58  Overlord  
  31  3:09  Zergling x6  
  34  3:15  Zergling x4  
  34  3:19  Overlord, Zergling x6  
  39  3:27  Drone  
  39  3:29  Zergling x2  
  41  3:43  Baneling x2  
  41  3:44  Zergling x2  
  41  3:45  Drone x4, Queen  
  48  3:49  Drone  
  48  3:50  Baneling  
  48  3:52  Baneling x2  
  49  3:56  Drone x3  
  52  4:03  Overlord  
  52  4:08  Drone x4  
  53  4:11  Baneling x2  
  52  4:18  Drone x2  
  52  4:19  Baneling  
  52  4:22  Evolution Chamber, Drone x2  
  52  4:23  Drone  
  55  4:25  Extractor  
  55  4:26  Extractor  
  55  4:28  Drone x2  
  55  4:30  Drone  
  56  4:37  Drone x2  
  57  4:38  Overlord  
  57  4:43  Roach Warren, Drone  
  57  4:45  Drone x2  
  59  4:49  Overlord  
  59  4:52  Drone x2  
  61  4:58  Zerg Missile Weapons Level 1  
  61  5:00  Drone  
  61  5:01  Drone x2  
  63  5:09  Drone x3, Lair  
  63  5:11  Extractor  
  65  5:15  Drone x3  
  65  5:16  Drone  
  65  5:17  Extractor  
  68  5:27  Drone x2  
  68  5:28  Drone  
  70  5:43  Roach x6  
  70  5:45  Overlord  
  70  5:46  Overlord  
  81  5:51  Overlord  
  81  5:52  Overlord  
  81  5:54  Overlord  
  81  6:01  Overlord x2  
  81  6:05  Roach x8  
  81  6:07  Glial Reconstitution  
  81  6:09  Roach  
  81  6:10  Overlord  
  99  6:13  Roach  
  99  6:18  Roach x3  
  107  6:22  Roach  
  107  6:25  Roach  
  111  6:28  Roach x3  
  111  6:29  Roach  
  111  6:32  Roach x2  
  123  6:37  Roach x2  
  123  6:38  Roach  
  128  6:41  Ravager x2  
  128  6:42  Roach x2  
  128  6:43  Ravager  
  128  6:45  Overlord  
  135  6:48  Roach  
  135  6:49  Roach  
  135  6:51  Overlord  
  139  6:54  Roach x2  
  139  7:01  Roach x2  
  146  7:06  Roach x4  
  146  7:07  Overlord  
  154  7:09  Overlord  
  154  7:13  Roach  
  156  7:16  Ravager x2  
  156  7:18  Roach x2  
  156  7:21  Overlord  
  161  7:28  Roach x4  
  157  7:37  Roach x3  
  157  7:38  Roach x2  
  157  7:39  Roach x2  
  157  7:41  Roach  
  161  7:45  Roach x2  
  161  7:48  Roach x2  
  169  7:53  Roach x3  
  175  7:59  Roach x2  
  175  8:03  Roach  
  181  8:06  Roach  
  181  8:09  Roach  
  177  8:14  Roach  
  177  8:18  Roach x2  
  179  8:28  Roach x4  
  179  8:35  Roach x2  
  179  8:36  Roach  
  181  8:43  Roach x4  
  181  8:46  Roach x2  
  185  8:50  Roach  
  185  8:53  Roach  
  181  8:58  Roach x3  
  181  9:02  Roach x2  
  172  9:05  Roach x4  
  172  9:08  Roach  
  172  9:09  Roach x2  
  166  9:14  Roach x2  
  154  9:19  Roach  
  154  9:23  Roach  
  150  9:26  Roach x5  
  150  9:30  Roach x3  
Tags
 
Add a new tag
Caveats
  • Supply blocks, unpowered buildings, or Contaminate may cause inaccurate times.
  • Supply counts are checked every 10 seconds.